 Dungeon Crawl Stone Soup version 0.26-b1-52-g61e05abef2 (webtiles) character file.

Game seed: 11318813875838077483

345 Delamore the Skirmisher (level 6, -11/40 HPs)
             Began as a Gargoyle Fighter on Jan 7, 2021.
             Mangled by an ogre
             ... wielding a +0 giant club
              (12 damage)
             ... on level 4 of the Dungeon.
             The game lasted 00:04:09 (3743 turns).

Delamore the Skirmisher (Gargoyle Fighter)          Turns: 3743, Time: 00:04:10

Health: -11/40     AC: 13    Str: 22    XL:     6   Next: 58%
Magic:  6/6        EV:  7    Int:  8    God:
Gold:   226        SH: 10    Dex:  9    Spells: 5/5 levels left

rFire    . . .     SeeInvis .   a - +0 flail
rCold    . . .     Faith    .   c - +0 kite shield
rNeg     + . .     Spirit   .   b - +0 scale mail
rPois    ∞         Reflect  .   (no helmet)
rElec    +         Harm     .   (no cloak)
rCorr    .         Rampage  .   e - +0 pair of gloves
Will     .....                  s - +0 pair of boots
Stlth    ..........             (no amulet)
HPRegen  0.13/turn              (no ring)
MPRegen  0.10/turn              (no ring)

@: no status effects
A: negative energy resistance 1, electricity resistance, unbreathing,
petrification resistance, miasma immunity, AC +4
a: no special abilities


You were on level 4 of the Dungeon.
You visited 1 branch of the dungeon, and saw 4 of its levels.
You also visited: Sewer.

You collected 226 gold pieces.

Inventory:

Hand Weapons
 a - a +0 flail (weapon)
Armour
 b - a +0 scale mail (worn)
 c - a +0 kite shield (worn)
 e - a +0 pair of gloves (worn)
 s - a +0 pair of boots (worn)
Jewellery
 u - an uncursed ring of fire
Wands
 v - a wand of digging (7)
Scrolls
 g - a scroll of noise
 h - a scroll of fog
 i - 2 scrolls of amnesia
 k - a scroll of random uselessness
 l - a scroll of remove curse
 m - a scroll of blinking {unknown}
 o - 2 scrolls of magic mapping {unknown}
 p - a scroll of enchant weapon {unknown}
Potions
 d - a potion of might
 f - a potion of heal wounds {unknown}
 n - a potion of attraction {unknown}
 q - a potion of flight {unknown}
 r - a potion of degeneration {unknown}
 t - a potion of mutation {unknown}
 x - 2 potions of curing {unknown}


   Skills:
 - Level 5.0 Fighting
 + Level 4.7 Maces & Flails
 - Level 3.2 Armour
 - Level 5.0 Shields


You had 5 spell levels left.
You didn't know any spells.
Your spell library was empty.

Dungeon Overview and Level Annotations

Branches:
Dungeon (4/15)              Sewer (visited)
 Temple: D:4-7

Altars:
Dithmenos
Xom

Annotations:
D:2 2 transporters
D:3 3 runed translucent doors, dracos369's ghost, amateur DsAr


Innate Abilities, Weirdness & Mutations

You are resistant to torment.
Your stone body is resilient. (AC +4)
You are immune to poison.
You resist negative energy. (rN+)
You are resistant to electric shocks. (rElec)
You can survive without breathing.
You are immune to petrification.
You are immune to miasma.


Message History

You are too injured to fight recklessly!
You are too injured to fight recklessly!
You are too injured to fight recklessly!
You are too injured to fight recklessly!
You are too injured to fight recklessly!
You are too injured to fight recklessly!
You are too injured to fight recklessly!
You are too injured to fight recklessly!
You are too injured to fight recklessly!
You are too injured to fight recklessly!
You are too injured to fight recklessly!
You are too injured to fight recklessly!
You hit the ogre.
The ogre is severely wounded.
The ogre hits you with a +0 giant club!
* * * LOW HITPOINT WARNING * * *
You completely miss the ogre.
The ogre is severely wounded.
The ogre hits you with a +0 giant club!
You die...

### #.. #.# #.#
#.# #.. ######
#.. #.@..# ###
#O##.# ... #.#
....# #.# ##...
#.##############
#...
#...............
#..
################
#..


You could see an ogre.

Vanquished Creatures
  2 bullfrogs (Sewer)
  A hound (D:4)
  9 adders
  3 worms
  2 dart slugs
  4 leopard geckos
  5 orcs (D:4)
  4 ball pythons
  3 bats (D:2)
  15 giant cockroaches
  8 goblins
  9 hobgoblins
  3 jackals (D:4)
  12 frilled lizards
  A jackal skeleton (D:4)
  8 kobolds
  7 rats
96 creatures vanquished.

Notes
Turn   | Place    | Note
-------+----------+-------------------------------------------
     0 | D:1      | Delamore the Gargoyle Fighter began the quest for the Orb.
     0 | D:1      | Reached XP level 1. HP: 14/14 MP: 1/1
   162 | D:1      | Reached XP level 2. HP: 19/19 MP: 2/2
   694 | D:2      | Reached XP level 3. HP: 17/24 MP: 3/3
   927 | D:2      | Found a transporter.
   927 | D:2      | Found a shimmering altar of Xom.
   927 | D:2      | Noticed a scorpion
   929 | D:2      | Noticed an ogre
   930 | D:2      | Found a transporter.
  1029 | D:2      | Reached XP level 4. HP: 26/29 MP: 4/4
  1749 | D:3      | Found a runed translucent gate.
  1755 | D:3      | Noticed dracos369's ghost (amateur DsAr)
  1756 | D:3      | Found a runed translucent gate.
  1757 | D:3      | Found a runed translucent gate.
  1780 | D:3      | Found a shadowy altar of Dithmenos.
  2658 | D:4      | Found a glowing drain.
  2664 | D:4      | Reached XP level 5. HP: 33/34 MP: 5/5
  2678 | Sewer    | Entered a sewer
  3102 | Sewer    | Reached skill level 5 in Fighting
  3102 | Sewer    | Reached skill level 5 in Shields
  3102 | Sewer    | Reached XP level 6. HP: 9/40 MP: 6/6
  3742 | D:4      | HP: 1/40 [ogre/+0 giant club (17)]
  3743 | D:4      | Mangled by an ogre

Illustrated notes

Levels and vault maps discovered:
D:1:      minmay_arrival_nine_rooms, layout_loops_ring, minmay_strange_pillars
D:2:      layout_loops_ring, gammafunk_temple_overflow_arena,
          minmay_indecisive_spiral
D:3:      layout_basic, nicolae_overflow_crystal_walls, gammafunk_ghost_split
D:4:      minmay_bubble_buster, layout_basic, gup_sewer_entry_pipe,
          serial_corexii_hall, chequers_hall_statues_wall_a,
          chequers_hall_statues_corner_a, corexii_hall_statues_l,
          corexii_hall_statues_l, hex_tiny

Skill      XL: |  1  2  3  4  5 |
---------------+----------------+-----
Fighting       | 4 5 |  5.0
Shields        | 4 5 |  5.0
Maces & Flails | 3 4 |  4.7
Armour         | |  3.2

Action                   |  1- 3 |  4- 6 || total
-------------------------+-------+-------++-------
Melee: Flail             |   133 |   304 ||   437
  Use: Scroll            |       |     6 ||     6
Armor: Scale mail        |    96 |   155 ||   251
Dodge: Dodged            |    37 |    83 ||   120
Block: Kite shield       |    77 |   167 ||   244
